 Dungeon Crawl Stone Soup version 0.30.0 (webtiles) character file.

Game seed: 16298908193337101397

8204 GloriousHammer the Fighter (level 11, -2/116 (119) HPs)
             Began as an Ogre Ice Elementalist on May 6, 2023.
             Was a Priest of Cheibriados.
             Slain by a white ugly thing (18 damage)
             ... on level 9 of the Dungeon.
             The game lasted 00:30:43 (14702 turns).

GloriousHammer the Fighter (Ogre Ice Elementalist) Turns: 14702, Time: 00:30:44

HP:   -2/116 (119)  AC: 15    Str: 22    XL:     11   Next: 27%
MP:   14/17         EV: 10    Int: 26    God:    Cheibriados [***...]
Gold: 708           SH: 11    Dex: 19    Spells: 8/19 levels left

rFire   . . .        e - +2 flail (protect)
rCold   . . .        n - +0 kite shield
rNeg    . . .        K - +0 acid dragon scales
rPois   .            (helmet restricted)
rElec   .            D - +0 cloak
rCorr   +            (gloves unavailable)
SInv    .            (boots unavailable)
Will    +....        (no amulet)
Stlth   ++           (no ring)
HPRegen 0.39/turn    (no ring)
MPRegen 0.15/turn

%: no passive effects
@: ice-armoured, lightly drained, very slow
A: large, unfitting armour, tough skin 1
a: Renounce Religion, Bend Time, Temporal Distortion


You were on level 9 of the Dungeon.
You worshipped Cheibriados.
Cheibriados was most pleased with you.
You visited 2 branches of the dungeon, and saw 10 of its levels.
You also visited: Ossuary.

You collected 708 gold pieces.

Inventory:

Hand Weapons
 e - a +2 flail of protection (weapon)
 i - a +0 giant club of venom
 H - a +2 flail of holy wrath
Missiles
 a - 5 javelins
 o - 10 boomerangs (quivered)
 x - 3 large rocks
 J - 5 poisoned darts
Armour
 n - a +0 kite shield (worn)
 D - a +0 cloak (worn)
 K - +0 acid dragon scales (worn)
Jewellery
 f - a ring of fire
 g - an amulet of faith
 F - a ring of fire
 L - a ring of flight
Wands
 v - a wand of iceblast (10)
 y - a wand of paralysis (11)
Scrolls
 c - 2 scrolls of enchant armour
 d - 6 scrolls of teleportation
 h - 3 scrolls of vulnerability
 q - 2 scrolls of poison
 r - 2 scrolls of torment {unknown}
 t - a scroll of magic mapping {unknown}
 u - 3 scrolls of summoning
 B - a scroll of noise {unknown}
 C - a scroll of enchant weapon {unknown}
Potions
 b - 3 potions of magic
 j - 3 potions of mutation {unknown}
 k - 5 potions of degeneration
 l - a potion of lignification {unknown}
 m - 8 potions of attraction
 p - 5 potions of might
 s - 3 potions of resistance
 w - 2 potions of flight {unknown}
 z - 3 potions of heal wounds {unknown}
 A - a potion of curing {unknown}
 E - a potion of ambrosia {unknown}
 G - a potion of haste {unknown}
 I - 2 potions of invisibility {unknown}


   Skills:
 + Level 10.3 Fighting
 + Level 6.8 Maces & Flails
 + Level 3.5 Throwing
 + Level 3.0 Armour
 + Level 3.9 Dodging
 - Level 1.4 Stealth
 - Level 6.5 Shields
 + Level 4.6 Spellcasting
 - Level 3.0 Summonings
 + Level 8.0 Ice Magic


You had 8 spell levels left.
You knew the following spells:

 Your Spells              Type           Power      Damage    Failure   Level
a - Freeze                Ice            100%       1d10      1%          1
b - Frozen Ramparts       Ice            94%        1d15      2%          3
c - Ozocubu's Armour      Ice            47%        N/A       2%          3
d - Summon Ice Beast      Ice/Summ       34%        N/A       22%         4

Your spell library contained the following spells:

 Spells                   Type           Power      Damage    Failure   Level
 Foxfire                  Conj/Fire      24%        2x1d5     22%         1
 Fireball                 Conj/Fire      3%         3d4       99%         5
 Plasma Beam              Fire/Air       3%         2x1d14    100%        6
 Starburst                Conj/Fire      3%         6d3       100%        6


Dungeon Overview and Level Annotations

Branches:
Dungeon (9/15)             Temple (1/1) D:7            Lair (0/5) D:9
Ossuary (visited)
    Orc: D:9-12

Altars:
Cheibriados
Dithmenos
Elyvilon
Fedhas
Gozag
Hepliaklqana
Kikubaaqudgha
Makhleb
Nemelex Xobeh
Okawaru
Qazlal
Ru
Trog
Uskayaw
Wu Jian
Xom
Zin

Shops:
D:6 *

Annotations:
D:4 exclusion: downstairs
D:5 3 runed translucent doors, middlethird's ghost, novice VSAE
D:8 exclusion: downstairs
D:9 exclusion: wight


Innate Abilities, Weirdness & Mutations

You are too large for most types of armour.
You have tough skin. (AC +1)


Message History

Press: ? - help, Dir - look around, f - activate The walls around you are covered in ice.
The orc wizard resists.
The wall freezes the orc wizard.
The orc wizard points at you and mumbles some strange words.
The magic dart hits you.
Casting: Frozen Ramparts (safe; 1% risk of failure)
Confirm with . or Enter, or press ? or * to list all spells.
A film of ice covers your body!
The orc wizard resists.
The wall freezes the orc wizard.
You hit the orc wizard.
Your weapon exudes an aura of protection.
The orc wizard is heavily wounded.
The orc wizard resists.
The wall freezes the orc wizard.
The orc wizard hits you but does no damage.
The wall freezes the orc wizard but does no damage.
The orc wizard casts a spell at you. The magic dart hits you!
You hit the orc wizard.
The orc wizard is almost dead.
The orc wizard resists.
The wall freezes the orc wizard.
You kill the orc wizard!
Cheibriados appreciates the change of pace.
Your icy armour cracks and falls away as you move.
The frozen ramparts melt away as you move.
Items here: ))) [[[[ ††.
You start resting.
A manticore comes into view.
A manticore is nearby!
Things that are here:
a +0 whip; a +0 leather armour
Things that are here:
a +0 shortbow; a +0 shortbow; a centaur corpse You start resting.
Magic restored.
You start resting.
HP restored.
Things that are here:
a +0 shortbow; a +0 shortbow; a centaur corpse
Things that are here:
a +0 whip; a +0 leather armour
Things that are here:
a +0 dagger; a +0 robe
Items here: ))) [[[[ ††.
Okay, then.
You see here a +0 short sword.
Things that are here:
+0 acid dragon scales; an acid dragon skeleton K - +0 acid dragon scales
Items here: ))) [[[[ ††.
Things that are here:
a +0 whip; a +0 leather armour
Things that are here:
a +0 shortbow; a +0 shortbow; a centaur skeleton
Casting: Ozocubu's Armour (safe; 1% risk of failure)
Confirm with . or Enter, or press ? or * to list all spells.
Okay, then.
You start removing your armour.
You continue taking off your +0 steam dragon scales. x4
You finish taking off your +0 steam dragon scales.
You start putting on your armour.
You continue putting on your +0 acid dragon scales. x5
You finish putting on your +0 acid dragon scales.
Casting: Ozocubu's Armour (mildly dangerous; 2% risk of failure)
Confirm with . or Enter, or press ? or * to list all spells.
Okay, then.
You drop +0 steam dragon scales.
You start waiting.
An orc warrior comes into view.
It is wielding a +0 short sword and wearing a +2 scale mail of fire resistance.
The orc warrior shouts!
Casting: Ozocubu's Armour (mildly dangerous; 2% risk of failure)
Confirm with . or Enter, or press ? or * to list all spells.
Casting: Frozen Ramparts (mildly dangerous; 2% risk of failure)
Press: ? - help, Dir - look around, f - activate The walls around you are covered in ice.
The wall freezes the orc warrior but does no damage.
The orc warrior hits you with a +0 short sword.
You sock the orc warrior!
Your weapon exudes an aura of protection.
The orc warrior is moderately wounded.
The wall freezes the orc warrior.
You block the orc warrior's attack.
You hit the orc warrior.
The orc warrior is severely wounded.
The wall freezes the orc warrior!
The orc warrior hits you with a +0 short sword.
You hit the orc warrior but do no damage.
The orc warrior is almost dead.
The wall freezes the orc warrior!
You kill the orc warrior!
Cheibriados appreciates the change of pace.
The frozen ramparts melt away.
HP restored.
Magic restored.
A vampire mosquito comes into view.
Items here: $ ) ? [ †.
The vampire mosquito buzzes angrily.
The vampire mosquito closely misses you.
The vampire mosquito barely misses you.
Items here: $ ) ? [ †.
Casting: Frozen Ramparts (mildly dangerous; 2% risk of failure)
Confirm with . or Enter, or press ? or * to list all spells.
Casting: Frozen Ramparts (mildly dangerous; 2% risk of failure)
Press: ? - help, Dir - look around, f - activate The walls around you are covered in ice.
The wall freezes the vampire mosquito.
The vampire mosquito bites you but does no damage.
The wall freezes the vampire mosquito.
The vampire mosquito bites you.
The vampire mosquito draws strength from your injuries!
You miss the vampire mosquito.
The vampire mosquito is moderately damaged.
The wall freezes the vampire mosquito.
The vampire mosquito bites you.
The vampire mosquito draws strength from your injuries!
The wall freezes the vampire mosquito.
The vampire mosquito bites you!
The vampire mosquito draws strength from your injuries!
You closely miss the vampire mosquito.
The vampire mosquito is lightly damaged.
The wall freezes the vampire mosquito.
You block the vampire mosquito's attack.
The wall freezes the vampire mosquito.
The vampire mosquito barely misses you.
You hit the vampire mosquito.
Your weapon exudes an aura of protection.
The vampire mosquito is heavily damaged.
The wall freezes the vampire mosquito.
You block the vampire mosquito's attack.
The wall freezes the vampire mosquito.
The vampire mosquito closely misses you.
The wall freezes the vampire mosquito.
The vampire mosquito bites you!
The vampire mosquito draws strength from your injuries!
You closely miss the vampire mosquito.
The vampire mosquito is severely damaged.
The wall freezes the vampire mosquito!
You destroy the vampire mosquito!
Cheibriados thoroughly appreciates the change of pace.
You start resting.
The frozen ramparts melt away.
Unknown command.
You start resting.
Magic restored.
HP restored.
B - a scroll labelled WAOVUH IPUINUM You now have 708 gold pieces (gained 42).
Things that are here:
a +0 short sword; a +2 scale mail of fire resistance; an orc corpse A howler monkey comes into view.
Items here: ))) [[[[ ÷÷.
You start waiting.
A wight is nearby!
You thump the wight!
Your weapon exudes an aura of protection.
The wight is severely damaged.
You block the wight's attack. x2
You closely miss the wight.
The wight is severely damaged.
The wight hits you with a +2 hand axe!
You feel drained.
You barely miss the wight.
The wight is severely damaged.
The wight barely misses you.
You thump the wight!
You destroy the wight!
Cheibriados appreciates the change of pace.
Cheibriados raises the support of your attributes as your movement slows.
Your Armour skill increases to level 3!
Items here: ( )))) [[[[[ ÷÷.
A white ugly thing comes into view.
The white ugly thing punches you but does no damage.
You block the white ugly thing's attack.
Things that are here:
a +0 whip; a +0 leather armour
Things that are here:
a +0 shortbow; a +0 shortbow You thump the white ugly thing!
Your weapon exudes an aura of protection.
The white ugly thing is lightly wounded.
The white ugly thing punches you. The white ugly thing freezes you!!
The white ugly thing punches you but does no damage.
Casting: Frozen Ramparts (mildly dangerous; 2% risk of failure)
Confirm with . or Enter, or press ? or * to list all spells.
A film of ice covers your body! The white ugly thing punches you.
The white ugly thing freezes you!!
You sock the white ugly thing!
The white ugly thing is moderately wounded.
The white ugly thing punches you. The white ugly thing freezes you!!
* * * LOW HITPOINT WARNING * * *
Okay, then.
Aiming: Paralyse
Press: ? - help, Shift-Dir - straight line, f - white ugly thing
Aim: a white ugly thing (moderately wounded, chance to affect: 31%)
The white ugly thing easily resists.
The white ugly thing punches you but does no damage.
Aiming: Paralyse
Press: ? - help, Shift-Dir - straight line, f/p - white ugly thing
Aim: a white ugly thing (moderately wounded, chance to affect: 31%)
The white ugly thing easily resists.
The white ugly thing punches you but does no damage.
Aiming: Paralyse
Press: ? - help, Shift-Dir - straight line, f/p - white ugly thing
Aim: a white ugly thing (moderately wounded, chance to affect: 31%)
The white ugly thing easily resists.
The white ugly thing punches you.
* * * LOW HITPOINT WARNING * * *
The white ugly thing freezes you!!
You die...

#.♣.♣.#).##.###.# #.z..#
#.♣.♣....##.#.#.# #$...#
#..~........#.#.#####.<..#
#.♣.♣)))................##
#.♣.♣.#.....†.###########
#.♣.♣.#..#..#)############
#D♣♣♣.#.....#..[..........
#♣.♣.♣#..#.##.....########..#
D♣. #....u@.###.########...
♣.♣ #....##................
♣.♣ #........##.#.#######.#
♣.♣ #...................#.# .
. #....##.###...###)#.#.# .
#....##.# #.........#..
#....##..............)#
#.........#.#.......###
....#.#.......###


You could see a white ugly thing.

Vanquished Creatures
  A cyclops (D:8)
  A komodo dragon (D:6)
  2 wyverns
  11 yaks
  A steam dragon (D:6)
  A vampire mosquito (D:9)
  Edmund (D:4)
  2 water moccasins
  A sky beast (D:7)
  3 ice beasts
  4 orc warriors
  3 black bears
  4 centaurs
  An ogre (D:7)
  4 phantoms
  4 bullfrogs
  A gnoll sergeant (D:8)
  6 scorpions
  18 wights
  7 killer bees
  2 hounds (D:5)
  6 orc priests
  2 centaur skeletons (D:4)
  7 jellies
  2 gnoll boudas
  3 iguanas
  13 orc wizards
  A hound zombie (D:4)
  A hound skeleton (D:4)
  8 mummies (Ossuary)
  13 gnolls
  6 adders
  3 white imps
  2 ufetubi
  An adder zombie (D:4)
  A worm (D:3)
  3 dart slugs
  30 orcs
  8 ball pythons
  7 endoplasms
  2 giant cockroaches
  7 goblins
  6 hobgoblins
  3 jackals (D:2)
  7 kobolds
  4 quokkas
  5 bats
  3 frilled lizards (D:1)
  A gnoll zombie (Ossuary)
  3 hobgoblin zombies (Ossuary)
  4 kobold zombies (Ossuary)
  3 rats
243 creatures vanquished.

Vanquished Creatures (others)
  An acid dragon (D:9)
  A withered plant (D:4)
2 creatures vanquished.

Grand Total: 245 creatures vanquished

Notes
Turn   | Place    | Note
-------+----------+-------------------------------------------
     0 | D:1      | GloriousHammer the Ogre Ice Elementalist began the quest
                  | for the Orb.
     0 | D:1      | Reached XP level 1. HP: 16/16 MP: 3/3
   348 | D:1      | Reached XP level 2. HP: 26/26 MP: 3/5
   351 | D:1      | Reached skill level 1 in Fighting
   848 | D:1      | Reached XP level 3. HP: 33/33 MP: 5/7
  1344 | D:2      | Learned a level 3 spell: Frozen Ramparts
  1348 | D:2      | Learned a level 3 spell: Ozocubu's Armour
  1550 | D:2      | Reached skill level 2 in Fighting
  1550 | D:2      | Reached XP level 4. HP: 39/42 MP: 4/8
  1600 | D:2      | Found a sparkling altar of Nemelex Xobeh.
  2107 | D:2      | Reached skill level 1 in Shields
  2333 | D:2      | Reached XP level 5. HP: 50/50 MP: 3/10
  2996 | D:3      | Found a hazy altar of Hepliaklqana.
  2997 | D:3      | Found a shimmering altar of Xom.
  3004 | D:3      | Noticed a spectral ugly thing
  3307 | D:3      | Found a glowing silver altar of Zin.
  3760 | D:3      | Learned a level 4 spell: Summon Ice Beast
  3846 | D:4      | Reached skill level 3 in Fighting
  3846 | D:4      | Reached skill level 5 in Ice Magic
  3939 | D:4      | Noticed a phantom
  3949 | D:4      | Reached XP level 6. HP: 24/61 MP: 4/11
  4102 | D:4      | Reached skill level 1 in Maces & Flails
  4233 | D:4      | Found a sand-covered staircase.
  4239 | Ossuary  | Entered an ossuary
  4905 | Ossuary  | Reached XP level 7. HP: 29/68 MP: 4/12
  5416 | Ossuary  | Reached skill level 4 in Fighting
  6181 | D:4      | Noticed Edmund
  6199 | D:4      | Killed Edmund
  6622 | D:5      | Entered Level 5 of the Dungeon
  6783 | D:5      | Reached XP level 8. HP: 79/79 MP: 9/13
  6932 | D:5      | Found a runed translucent gate.
  6933 | D:5      | Found a runed translucent gate.
  6933 | D:5      | Noticed middlethird's ghost (novice VSAE)
  6935 | D:5      | Found a runed translucent gate.
  7010 | D:5      | Reached skill level 5 in Fighting
  7207 | D:5      | Reached skill level 1 in Summonings
  7670 | D:5      | Found an iron altar of Okawaru.
  8338 | D:6      | Noticed a komodo dragon
  8372 | D:6      | Reached skill level 6 in Fighting
  8377 | D:6      | Killed a komodo dragon
  8378 | D:6      | Reached XP level 9. HP: 49/92 MP: 4/14
  8382 | D:6      | Reached skill level 7 in Fighting
  8382 | D:6      | Reached skill level 5 in Shields
  9320 | D:6      | Found Gozag's Platinum Reserve.
  9417 | D:6      | Found an opulent altar of Gozag.
  9600 | D:7      | Reached skill level 5 in Maces & Flails
  9734 | D:7      | Reached skill level 8 in Fighting
 10070 | D:7      | Found a staircase to the Ecumenical Temple.
 10077 | Temple   | Entered the Ecumenical Temple
 10121 | Temple   | Became a worshipper of Cheibriados the Contemplative
 10500 | D:7      | Reached XP level 10. HP: 83/106 MP: 10/16
 10610 | D:7      | Reached * piety under Cheibriados
 11358 | D:7      | Found an ornate altar of the Wu Jian Council.
 11359 | D:7      | Found a white marble altar of Elyvilon.
 11692 | D:8      | Noticed a cyclops
 11700 | D:8      | Killed a cyclops
 11701 | D:8      | Reached skill level 9 in Fighting
 11815 | D:8      | Reached skill level 1 in Throwing
 11821 | D:8      | Reached skill level 1 in Armour
 11921 | D:8      | Reached ** piety under Cheibriados
 13602 | D:9      | Found a shadowy altar of Dithmenos.
 13707 | D:9      | Found a staircase to the Lair.
 13873 | D:9      | Reached XP level 11. HP: 92/114 MP: 14/17
 14071 | D:9      | Reached skill level 10 in Fighting
 14086 | D:9      | Reached *** piety under Cheibriados
 14355 | D:9      | Noticed a manticore
 14689 | D:9      | Noticed a white ugly thing
 14702 | D:9      | Slain by a white ugly thing

Illustrated notes

Levels and vault maps discovered:
D:1:      matt_arrival_los_fun, layout_basic
D:2:      layout_basic, basic_altar
D:3:      layout_loops_ring, regret_index_temple_of_mockery,
          overflow_temple_1_default
D:4:      layout_basic, enter_ossuary_5, serial_undead, serial_undead_f,
          serial_undead_a, serial_undead_c, serial_undead_c, uniq_edmund
D:5:      layout_basic, mainiacjoe_overflow_alcove_2,
          gammafunk_ghost_nasty_kobolds
D:6:      layout_basic, nicolae_gozag_zags_fifth_avenue, st_stairs_9
D:7:      layout_loops_ring, minitemple, temple_statues, grunt_decor_junction,
          hangedman_decor_lopped, minmay_quadrilaterals
D:8:      layout_basic, grunt_tough_drop
D:9:      nzn_winding_woodlands_medium [nzn_winding_woodlands_5x5_closed_star,
          nzn_winding_woodlands_5x15_twine,
          nzn_winding_woodlands_5x5_checkerboard,
          nzn_winding_woodlands_5x5_cross,
          nzn_winding_woodlands_center_triple_pond,
          nzn_winding_woodlands_5x5_default, nzn_winding_woodlands_hourglass,
          nzn_winding_woodlands_5x15_eye, nzn_winding_woodlands_5x5_perimeter],
          layout_basic, grunt_temple_overflow_open, lair_entry_dummy,
          uniq_erolcha
Temple:   nicolae_temple_cloud_nine

Skill      XL: |  1  2  3  4  5  6  7  8  9 10 11 |
---------------+----------------------------------+-----
Fighting       | 1 2 3 4 6 8 9 10 | 10.3
Ice Magic      | 4 5 6 7 8 |  8.0
Spellcasting   | 3 4 |  4.6
Shields        | 1 2 3 4 6 |  6.5
Maces & Flails | 1 2 4 5 6 |  6.8
Summonings     | 2 3 |  3.0
Dodging        | 3 |  3.9
Throwing       | 2 3 |  3.5
Armour         | 2 3 |  3.0
Stealth        | |  1.4

Action                     |  1- 3 |  4- 6 |  7- 9 | 10-12 || total
---------------------------+-------+-------+-------+-------++-------
  Melee: Short sword       |    13 |       |       |       ||    13
         Unarmed           |     1 |       |       |       ||     1
         Whip              |     1 |   197 |    37 |       ||   235
         Flail             |       |       |   218 |   202 ||   420
  Throw: Javelin           |       |     5 |     6 |       ||    11
         Boomerang         |       |       |     3 |       ||     3
   Cast: Freeze            |    45 |     4 |     2 |       ||    51
         Frozen Ramparts   |     2 |    26 |    39 |    31 ||    98
         Ozocubu's Armour  |       |    11 |    22 |    22 ||    55
  Evoke: Wand              |       |       |     1 |     3 ||     4
    Use: Scroll            |       |     4 |     5 |     2 ||    11
   Stab: Sleeping          |       |     1 |       |       ||     1
         Distracted        |       |       |       |     1 ||     1
 Armour: Robe              |    17 |    87 |    64 |       ||   168
         Steam dragon scal |       |       |    61 |    89 ||   150
         Acid dragon scale |       |       |       |     5 ||     5
  Dodge: Dodged            |    28 |    87 |    83 |    94 ||   292
  Block: Kite shield       |     3 |    77 |   100 |   130 ||   310
